 Dungeon Crawl Stone Soup version 0.30-a0-141-g30f27751c5 (webtiles) character file.

Game seed: 6290728762405491119

90 qw the Chopper (level 4, -6/28 HPs)
             Began as a Gargoyle Fighter on Sept 25, 2022.
             Engulfed by an orc wizard's steam (19 damage)
             ... on level 3 of the Dungeon.
             The game lasted 00:00:49 (1930 turns).

qw the Chopper (Gargoyle Fighter)                   Turns: 1930, Time: 00:00:50

Health: -6/28      AC: 13    Str: 22    XL:     4   Next: 56%
Magic:  4/4        EV: 11    Int:  8    God:
Gold:   114        SH:  4    Dex:  9    Spells: 3/3 levels left

rFire   . . .      SeeInvis .    Y - +0 war axe
rCold   . . .      Faith    .    c - +0 buckler
rNeg    + . .      Spirit   .    h - +0 chain mail {rPois}
rPois   inf        Reflect  .    (no helmet)
rElec   +          Harm     .    a - +0 cloak
rCorr   .          Rampage  .    (no gloves)
Will    .....                    (no boots)
Stlth   ..........               (no amulet)
HPRegen 0.09/turn                f - +4 ring of evasion
MPRegen 0.09/turn                (no ring)

@: very slow
A: sickness immunity, AC +3, negative energy resistance 1, electricity
resistance, torment resistance 1, petrification resistance
a: no special abilities


You were on level 3 of the Dungeon.
You visited 1 branch of the dungeon, and saw 3 of its levels.

You collected 114 gold pieces.


Innate Abilities, Weirdness & Mutations

You are immune to sickness and miasma.
Your stone body is resilient. (AC +3)
You are immune to poison.
You resist negative energy. (rN+)
You are resistant to electric shocks. (rElec)
You are resistant to unholy torment.
You are immune to petrification.


   Skills:
 - Level 3.2 Fighting
 + Level 4.2 Axes
 - Level 3.2 Armour
 - Level 3.2 Shields


You had 3 spell levels left.
You didn't know any spells.
Your spell library was empty.

Inventory:

Hand Weapons
 l - a +0 flail
 Y - a +0 war axe (weapon)
Armour
 a - a +0 cloak (worn)
 c - a +0 buckler (worn)
 h - a +0 chain mail of poison resistance (worn)
Jewellery
 f - a +4 ring of evasion (left hand)
Scrolls
 b - a scroll of identify {unknown}
Potions
 d - 2 potions of might
 i - 2 potions of heal wounds
 j - 2 potions of magic {unknown}
 k - a potion of experience {unknown}

Dungeon Overview and Level Annotations

Branches:
Dungeon (3/15)

Altars:
Sif Muna
Trog


Message History

You are confused.
1920 ||| DRINKING potion of curing.
You feel better.
1920 ||| (to cure confusion)
The orc wizard barely misses you.
Your unstable footing causes you to fumble your attack.
You block the orc wizard's attack.
Your unstable footing causes you to fumble your attack.
The orc wizard closely misses you.
The orc wizard mumbles some strange words.
The orc wizard flickers and vanishes!
Deactivating autopickup; reactivate with Ctrl-A.
You slash the orc wizard!
The orc wizard is severely wounded.
The orc wizard hits you but does no damage.
The orc wizard casts a spell at you. The magic dart hits you.
You barely miss the orc wizard.
The orc wizard is severely wounded.
The orc wizard hits you but does no damage.
You barely miss the orc wizard.
The orc wizard is severely wounded.
The orc wizard hits you but does no damage.
Your unstable footing causes you to fumble your attack.
The orc wizard mumbles some strange words.
The orc wizard flickers and vanishes!
Something hits you but does no damage.
You barely miss something. Something hits you but does no damage.
You barely miss something.
You hear some strange, mumbled words.
A puff of flame appears from out of thin air!
The puff of flame hits you!
1929 ||| Stepping ~*~*~tactically~*~*~ (cloud).
Your unstable footing causes you to fumble your attack.
You are engulfed in a cloud of scalding steam.
Something hits you. Something hits you but does no damage.
1930 ||| Stepping ~*~*~tactically~*~*~ (cloud).
Your unstable footing causes you to fumble your attack.
You are engulfed in a cloud of scalding steam.
Ouch! That really hurt!
You die...

#.....#..###~## #...##...##..
#.....#.##~~~~~##
#....+...++..
#......##~~~~~~~##
####.#...##.. #......#
~....~~~# ####+#...##..
#.....##
####~~~###........##..
#.....#
##..##8.8.8........#### #~
#_.. '.{..)........####
#~~##..##8{8.8[.......#...
#####~.####~@~###........#...
#...#~~....~~~#.#........#...
#...##~~~~~~~##..........#...
#....##~~~~~##......%....#...
#.....###~###.....##.#####...
#.......###.....#.##.# #...
#...............#.##.#####...
#...............#.##.#.......
#........########.##.#.......


There were no monsters in sight!

Vanquished Creatures
  3 adders (D:2)
  A worm (D:3)
  A dart slug (D:2)
  3 orcs (D:3)
  2 bats (D:3)
  6 endoplasms
  3 giant cockroaches
  3 goblins
  2 hobgoblins
  8 jackals
  5 kobolds
  2 quokkas
  5 ball pythons
  A frilled lizard (D:2)
  2 rats
47 creatures vanquished.

Notes
Turn   | Place    | Note
-------+----------+-------------------------------------------
     0 | D:1      | qw the Gargoyle Fighter began the quest for the Orb.
     0 | D:1      | Reached XP level 1. HP: 14/14 MP: 1/1
     0 | D:1      | 0 ||| qw: Version: 0.2-a-10-g399e6c4
     0 | D:1      | 0 ||| qw: Game counter: 124
     0 | D:1      | 0 ||| qw: Always use a shield: true
     0 | D:1      | 0 ||| qw: God list: Okawaru
     0 | D:1      | 0 ||| qw: Allow faded altars: false
     0 | D:1      | 0 ||| qw: Do Orc after D:15 true
     0 | D:1      | 0 ||| qw: Do second Lair branch before Depths: true
     0 | D:1      | 0 ||| qw: Lair rune preference: random
     0 | D:1      | 0 ||| qw: Plans: Normal, Zot:1-4, God:TSO, Crypt, Tomb,
                  | Pan, Slime:5, Hells, Abyss, Orb
     0 | D:1      | 0 ||| PLANNING D:1-11
    12 | D:1      | 12 ||| Stepping ~*~*~tactically~*~*~ (stealth).
    14 | D:1      | 14 ||| Stepping ~*~*~tactically~*~*~ (stealth).
    19 | D:1      | Reached skill level 2 in Axes
    19 | D:1      | 19 ||| Stepping ~*~*~tactically~*~*~ (stealth).
    20 | D:1      | 20 ||| Stepping ~*~*~tactically~*~*~ (stealth).
    26 | D:1      | 26 ||| Stepping ~*~*~tactically~*~*~ (stealth).
    47 | D:1      | Reached XP level 2. HP: 19/19 MP: 2/2
    59 | D:1      | 59 ||| DROPPING +0 club.
    62 | D:1      | 62 ||| Stepping ~*~*~tactically~*~*~ (stealth).
    63 | D:1      | 63 ||| Stepping ~*~*~tactically~*~*~ (stealth).
   323 | D:1      | 323 ||| Stepping ~*~*~tactically~*~*~ (stealth).
   324 | D:1      | 324 ||| Stepping ~*~*~tactically~*~*~ (stealth).
   799 | D:1      | Found a faded altar of an unknown god.
   823 | D:1      | 823 ||| READING scroll labelled UPSACU CISM.
   924 | D:1      | 924 ||| READING scroll labelled SYRETOL QUADGH.
   927 | D:1      | 927 ||| READING scroll labelled MEC BAPLABELI.
   928 | D:1      | 928 ||| DRINKING 2 golden potions.
   959 | D:2      | Reached skill level 3 in Axes
   962 | D:2      | Reached XP level 3. HP: 23/23 MP: 3/3
  1135 | D:2      | 1135 ||| Stepping ~*~*~tactically~*~*~ (stealth).
  1274 | D:2      | Reached XP level 4. HP: 27/28 MP: 4/4
  1394 | D:2      | Found a bloodstained altar of Trog.
  1430 | D:2      | 1430 ||| UPGRADING to +0 cloak.
  1435 | D:2      | 1435 ||| UPGRADING to +0 chain mail of poison resistance.
  1445 | D:2      | 1445 ||| DROPPING +0 scale mail.
  1446 | D:2      | 1446 ||| UPGRADING to +4 ring of evasion.
  1447 | D:2      | 1447 ||| DRINKING 3 green potions.
  1503 | D:3      | Reached skill level 4 in Axes
  1505 | D:3      | 1505 ||| FLEEEEING.
  1512 | D:3      | 1512 ||| STAIRDANCE
  1650 | D:3      | 1650 ||| Stepping ~*~*~tactically~*~*~ (stealth).
  1762 | D:3      | 1762 ||| Stepping ~*~*~tactically~*~*~ (stealth).
  1781 | D:3      | 1781 ||| Stepping ~*~*~tactically~*~*~ (stealth).
  1883 | D:3      | 1883 ||| Stepping ~*~*~tactically~*~*~ (stealth).
  1896 | D:3      | 1896 ||| DROPPING +0 mace.
  1900 | D:3      | Found a shimmering blue altar of Sif Muna.
  1919 | D:3      | 1919 ||| DRINKING 2 potions of curing.
  1919 | D:3      | 1919 ||| (to cure confusion)
  1920 | D:3      | 1920 ||| DRINKING potion of curing.
  1920 | D:3      | 1920 ||| (to cure confusion)
  1929 | D:3      | 1929 ||| Stepping ~*~*~tactically~*~*~ (cloud).
  1930 | D:3      | 1930 ||| Stepping ~*~*~tactically~*~*~ (cloud).
  1930 | D:3      | Engulfed by an orc wizard's steam

Levels and vault maps discovered:
D:1:      doesnt_arrival_eight_statues, layout_basic,
          shapermc_ecumenical_altar_venn
D:2:      layout_rooms, basic_altar, reono_crystal_passage
D:3:      lemuel_castle_with_subvaults [lemuel_castle_interior_original],
          layout_basic, kennysheep_orc_sif_temple

Skill      XL: |  1  2  3  4 |
---------------+-------------+-----
Axes           | 2 3 4 |  4.2
Fighting       | |  3.2
Armour         | |  3.2
Shields        | |  3.2

Action                   |  1- 3 |  4- 6 || total
-------------------------+-------+-------++-------
Melee: War axe           |    66 |    71 ||   137
  Use: Scroll            |     3 |       ||     3
       Potion            |     1 |     3 ||     4
Armor: Scale mail        |    27 |     1 ||    28
       Chain mail        |       |    34 ||    34
Dodge: Dodged            |    32 |    44 ||    76
Block: Buckler           |     9 |     9 ||    18

Table legend:
 A = Non-vault XP
 B = Vault XP
 C = Vault XP percentage of total XP
 D = Non-vault monster count
 E = Vault monster count
 F = Vault count percentage of total count
                 A         B        C        D         E       F
            +---------+---------+-------+---------+---------+-------
      Total |     112 |      17 |  13.2 |      40 |       7 |  14.9
            +---------+---------+-------+---------+---------+-------
        D:1 |      28 |       0 |   0.0 |      15 |       0 |   0.0
        D:2 |      60 |       0 |   0.0 |      13 |       0 |   0.0
        D:3 |      24 |      17 |  41.5 |      12 |       7 |  36.8
            +---------+---------+-------+---------+---------+-------
